 Dungeon Crawl Stone Soup version 0.29-a0-344-ge2f44be95a (webtiles) character file.

Game seed: 18144745236851688090

3089 Agony the Nimble (level 10, -1/93 (94) HPs)
             Began as a Kobold Berserker on Apr 20, 2022.
             Was a Believer of Trog.
             Slain by a gnoll
             ... wielding a +0 flail
              (4 damage)
             ... on level 8 of the Dungeon.
             The game lasted 00:23:03 (12497 turns).

Agony the Nimble (Kobold Berserker)                Turns: 12497, Time: 00:23:03

HP:   -1/93 (94)    AC: 11    Str: 15    XL:     10   Next: 13%
MP:   10/10         EV: 21    Int:  9    God:    Trog [**....]
Gold: 489           SH:  0    Dex: 18    Spells: 9/9 levels left

rFire   . . .      SeeInvis .   i - +1 falchion (holy)
rCold   + . .      Faith    .   (no shield)
rNeg    . . .      Spirit   .   v - +3 scale mail {rC+}
rPois   .          Reflect  .   g - +0 helmet
rElec   .          Harm     .   e - scarf {shadows}
rCorr   .          Rampage  .   (no gloves)
Will    .....                   (no boots)
Stlth   ..........              (no amulet)
HPRegen 0.25/turn               k - +4 ring of evasion
MPRegen 0.12/turn               (no ring)

@: berserking, lightly drained, very quick
A: small, no large weapons, nightstalker 3
a: Renounce Religion, Berserk, Trog's Hand


You were on level 8 of the Dungeon.
You worshipped Trog.
Trog was pleased with you.
You visited 1 branch of the dungeon, and saw 8 of its levels.

You collected 489 gold pieces.

Inventory:

Hand Weapons
 a - a +1 short sword
 i - a +1 falchion of holy wrath (weapon)
 x - the +10 fustibalus of Spores {venom, Fly Str+4 Int+5}
   (You found it on level 7 of the Dungeon)

   Any ammunition fired from it poisons the flesh of those it strikes.
   Str:       It affects your strength (+4).
   Int:       It affects your intelligence (+5).
   Fly:       It grants you flight.
Missiles
 q - 3 throwing nets (quivered)
Armour
 e - a scarf of shadows (worn)
 g - a +0 helmet (worn)
 r - a +2 animal skin
 v - a +3 scale mail of cold resistance (worn)
 w - a +2 robe of willpower
Jewellery
 k - a +4 ring of evasion (left hand)
Wands
 s - a wand of acid (7)
 y - a wand of flame (12)
Scrolls
 b - a scroll of teleportation
 t - a scroll of fog
 z - 2 scrolls of summoning
Potions
 c - 2 potions of lignification
 d - 2 potions of mutation
 f - 2 potions of might
 h - 2 potions of brilliance
 j - a potion of invisibility
 l - 8 potions of curing
 m - 2 potions of degeneration
 n - 2 potions of flight
 o - a potion of attraction {unknown}
 p - a potion of heal wounds


   Skills:
 + Level 7.4 Fighting
 - Level 4.7(6.7) Short Blades
 + Level 4.5(5.0) Long Blades
 + Level 5.2 Armour
 * Level 10.5 Dodging


You had 9 spell levels left.
You didn't know any spells.
Your spell library was empty.

Dungeon Overview and Level Annotations

Branches:
Dungeon (8/15)             Temple (0/1) D:7            Lair (0/6) D:8

Altars:
Dithmenos
Wu Jian

Shops:
D:1 =   D:2 *

Annotations:
D:2 1 runed translucent door, Crazy Yiuf


Innate Abilities, Weirdness & Mutations

You are small and have problems with some larger weapons.
You are completely attuned to the shadows.


Message History

The gnoll sergeant hits you from afar with a +0 spear!
You hit the gnoll.
The gnoll is moderately wounded.
The gnoll sergeant hits you from afar with a +0 spear!
The gnoll closely misses you.
You hit the gnoll.
The gnoll is heavily wounded.
A gnoll comes into view. It is wielding a +0 flail.
The gnoll sergeant completely misses you.
The gnoll completely misses you.
You hit the gnoll.
The gnoll is almost dead.
The gnoll sergeant completely misses you.
The gnoll barely misses you.
You hit the gnoll but do no damage.
The gnoll is almost dead.
The gnoll sergeant hits you from afar with a +0 spear!
The gnoll misses you. The gnoll hits you with a +3 flail!
The gnoll sergeant misses you.
A gnoll comes into view. It is wielding a +0 club.
A red film seems to cover your vision as you go berserk!
You feel yourself moving faster!
You feel mighty!
The gnoll shouts!
The gnoll sergeant hits you from afar with a +0 spear!
* * * LOW HITPOINT WARNING * * *
The gnoll hits you with a +3 flail.
* * * LOW HITPOINT WARNING * * *
You slash the gnoll!
You feel the power of Trog in you as your rage grows.
You kill the gnoll!
Trog accepts your kill. The gnoll closely misses you.
The gnoll hits you with a +0 club.
* * * LOW HITPOINT WARNING * * *
The gnoll sergeant hits you with a +0 spear!
* * * LOW HITPOINT WARNING * * *
Items here: )) ††.
You completely miss the gnoll sergeant.
You are too berserk!
You barely miss the gnoll sergeant. The gnoll hits you with a +0 flail.
You die...

,,,,,,,,,,,,.....#...............
*,*,,,,**,,,,....##..............
,,*,,,,*,,,,,,,,,,*#.............
,,,,,,,*,,,,,,,,,,*,,.......##...
,,,,,,,*,,,,,,**,,,,,........#...
**,,,,,,,,,,,,*##...*##.....)).).
*,,,,,,,*,,,..*#....*#......#....
*,,,,,,**,*,..##gg..*#...........
*,,,,,,,,,*,...#@g...............
,,,,,,,****,*#..##.##............
,,,,,,,,,*,,.#..##.###.......[##.
,,,,,,,,,,,,.....#.##........###.
,,,,,,,,*,,,........#........# ##
,,,,,,,**,,,.#..............####.
,,,>,,,*,,,,,..............####..
,,,,,,,*,,,,**............##..#..
,*,,,,,*,,,,,,,,,........###.....


You could see a gnoll sergeant and 2 gnolls.

Vanquished Creatures
  A two-headed ogre (D:6)
  Grinder (D:3)
  Prince Ribbit (D:5)
  Menkaure (D:4)
  2 steam dragons (D:7)
  A water moccasin (D:6)
  An ice beast (D:6)
  Duvessa (D:7)
  A black bear (D:5)
  A centaur (D:7)
  A phantom (D:5)
  A kobold brigand (D:8)
  A necrophage (D:6)
  3 scorpions
  4 wights (D:6)
  A howler monkey (D:5)
  3 hounds
  A jelly (D:5)
  An orc priest (D:4)
  6 iguanas
  2 orc wizards (D:4)
  Robin (D:4)
  6 adders
  6 gnolls
  A white imp (D:5)
  An ufetubus (D:4)
  2 dart slugs (D:2)
  25 orcs
  10 ball pythons
  3 bats (D:1)
  7 endoplasms
  A giant cockroach (D:1)
  12 goblins
  10 hobgoblins
  2 jackals (D:5)
  5 quokkas
  6 frilled lizards
  16 kobolds
  6 rats
155 creatures vanquished.

Vanquished Creatures (collateral kills)
  A worm (D:2)
1 creature vanquished.

Vanquished Creatures (others)
  Dowan (D:7)
1 creature vanquished.

Grand Total: 157 creatures vanquished

Notes
Turn   | Place    | Note
-------+----------+-------------------------------------------
     0 | D:1      | Agony the Kobold Berserker began the quest for the Orb.
     0 | D:1      | Reached XP level 1. HP: 14/14 MP: 1/1
   313 | D:1      | Reached XP level 2. HP: 5/19 MP: 2/2
   593 | D:1      | Found Kufuo's Jewellery Shop.
   664 | D:1      | Reached skill level 3 in Dodging
   951 | D:1      | Reached XP level 3. HP: 19/23 MP: 3/3
  1797 | D:2      | Found a shadowy altar of Dithmenos.
  2022 | D:2      | Found a faded altar of an unknown god.
  2134 | D:2      | Reached XP level 4. HP: 29/29 MP: 4/4
  2402 | D:2      | Found a runed translucent door.
  2405 | D:2      | Noticed Crazy Yiuf
  2532 | D:2      | Found Imoiwout's Assorted Antiques.
  3469 | D:3      | Reached skill level 4 in Dodging
  3922 | D:3      | Reached ** piety under Trog
  3943 | D:3      | Reached XP level 5. HP: 25/33 MP: 5/5
  4218 | D:3      | Noticed Grinder
  4222 | D:3      | Paralysed by Grinder for 2 turns
  4229 | D:3      | Killed Grinder
  4230 | D:3      | Reached skill level 1 in Long Blades
  4230 | D:3      | Reached skill level 5 in Dodging
  4230 | D:3      | Reached XP level 6. HP: 39/39 MP: 6/6
  4908 | D:4      | Reached XP level 7. HP: 43/44 MP: 7/7
  6095 | D:4      | Noticed Robin
  6137 | D:4      | Killed Robin
  6138 | D:4      | Reached skill level 6 in Dodging
  6180 | D:4      | Noticed Menkaure
  6185 | D:4      | Killed Menkaure
  6186 | D:4      | Reached skill level 5 in Fighting
  6959 | D:5      | Entered Level 5 of the Dungeon
  7204 | D:5      | Reached XP level 8. HP: 46/49 MP: 8/8
  7309 | D:5      | Reached skill level 7 in Dodging
  8092 | D:5      | Noticed Prince Ribbit
  8103 | D:5      | Killed Prince Ribbit
  8757 | D:6      | Noticed a two-headed ogre
  8768 | D:6      | Killed a two-headed ogre
  8769 | D:6      | Reached skill level 9 in Dodging
  8769 | D:6      | Reached XP level 9. HP: 56/56 MP: 9/9
 10343 | D:6      | Found an ornate altar of the Wu Jian Council.
 10413 | D:7      | Noticed Duvessa
 10413 | D:7      | Noticed Dowan
 10421 | D:7      | Killed Duvessa
 10423 | D:7      | Killed Dowan
 10424 | D:7      | Reached skill level 10 in Dodging
 10432 | D:7      | Reached skill level 5 in Armour
 10759 | D:7      | Found a staircase to the Ecumenical Temple.
 10773 | D:7      | Reached XP level 10. HP: 63/63 MP: 10/10
 11022 | D:7      | Identified the +10 fustibalus of Spores {venom, Fly Str+4
                  | Int+5}
 12270 | D:8      | Found a staircase to the Lair.
 12495 | D:8      | HP: 3/93 [gnoll sergeant/+0 spear (11)]
 12497 | D:8      | Slain by a gnoll

Illustrated notes

Levels and vault maps discovered:
D:1:      dpeg_arrival_another_circle, layout_basic, serial_shops, shop
D:2:      layout_basic, shapermc_ecumenical_altar_totnotflames, basic_altar,
          serial_shops, shop, kennysheep_cross_room,
          wander_ebering_terrifying_dragon_lair, uniq_crazy_yiuf_cottage
D:3:      layout_loops_cross, uniq_grinder
D:4:      layout_gridville, uniq_menkaure, uniq_robin
D:5:      layout_basic, serial_corexii_hall, corexii_hall_statues_x,
          corexii_hall_statues_i, uniq_prince_ribbit1
D:6:      layout_rooms, lemuel_round_altar
D:7:      layout_basic, minmay_temple_entry_sparse_star, uniq_duvessa
D:8:      layout_cave_pools, dpeg_oklobed_lair

Skill      XL: |  1  2  3  4  5  6  7  8  9 |
---------------+----------------------------+-----
Dodging        | 3 4 5 6 9 10 | 10.5
Armour         | 2 3 4 5 |  5.2
Fighting       | 4 5 6 7 |  7.4
Long Blades    | 1 2 3 4 |  4.5
Short Blades   | |  4.7

Action                   |  1- 3 |  4- 6 |  7- 9 | 10-12 || total
-------------------------+-------+-------+-------+-------++-------
Melee: Short sword       |    90 |    60 |       |       ||   150
       Punch             |     1 |     2 |     1 |     3 ||     7
       Falchion          |       |    85 |   388 |    46 ||   519
Invok: Berserk           |     1 |     2 |    14 |     3 ||    20
       Trog's Hand       |       |       |     1 |       ||     1
  Use: Scroll            |     1 |     7 |     5 |     5 ||    18
       Potion            |       |     1 |     2 |       ||     3
 Stab: Sleeping          |     8 |    10 |    12 |     1 ||    31
       Distracted        |       |     1 |       |       ||     1
Armor: Animal skin       |    15 |    16 |    53 |       ||    84
       Scale mail        |       |       |     6 |     9 ||    15
Dodge: Dodged            |    42 |   117 |   485 |    50 ||   694

Table legend: (Time is in decaauts)
 A = Elapsed time spent in this place.
 B = Non-inter-level travel time spent in this place.
 C = Inter-level travel time spent in this place.
 D = Time resting spent in this place.
 E = Time spent auto-exploring this place.
 F = Levels seen in this place.
 G = Mean time per level.
                   A        B        C        D        E       F      G
               +--------+--------+--------+--------+--------+-----+--------+
         Total |  12728 |  12453 |    275 |   4607 |   6172 |   8 | 1591.0 |
       Dungeon |  12728 |  12453 |    275 |   4607 |   6172 |   8 | 1591.0 |
               +--------+--------+--------+--------+--------+-----+--------+

Top non-repeatable levels by time:
     D:4: 2443 daAuts
     D:5: 2028 daAuts
     D:2: 1820 daAuts
     D:7: 1724 daAuts
     D:6: 1515 daAuts
     D:1: 1470 daAuts
     D:3: 1318 daAuts
     D:8: 406 daAuts
